[Event "ICC tourney 2666 (40 10)"]
[Site "Internet Chess Club"]
[Date "2021.09.11"]
[Round "3"]
[White "Wei, Robert Fanjun:CaptureFunny"]
[Black "ZHAO, DANSON:K01-30127679"]
[Result "0-1"]
[ICCResult "White checkmated"]
[WhiteElo "854"]
[BlackElo "1110"]
[Opening "King's pawn game"]
[ECO "C50"]
[NIC "IG.03"]
[Time "15:45:17"]
[TimeControl "2400+10"]

1. e4 e5 2. Nf3 Nc6 3. Bc4 d6 4. O-O Bg4 5. d3 h6 6. Be3 Nf6 7. h3 Bh5 8.
Nc3 Be7 9. a4 O-O 10. a5 a6 11. Bd5 Nxd5 12. exd5 Nb4 13. Ra4 Bxf3 14. Qxf3
Nxc2 15. Rg4 Nxe3 16. Qxe3 Bg5 17. Qg3 f5 18. Ra4 Qd7 19. h4 Bd2 20. Rd1
Bxc3 21. bxc3 Qxa4 22. d4 Qxd1+ 23. Kh2 exd4 24. cxd4 Qxd4 25. Qf3 Qe4 26.
Qg3 Qe5 27. f4 Qxd5 28. Kh3 Qxa5 29. Qb3+ Kh8 30. Qxb7 Qc3+ 31. Kh2 a5 32.
g3 a4 33. Qg2 a3 34. Kh3 a2 35. Qf2 a1=Q 36. Qg2 Qaa3 37. h5 Qxg3+ 38. Qxg3
Qxg3+ 39. Kxg3 Ra7 40. Kh4 Ra4 41. Kg3 Rxf4 42. Kxf4 g6 43. hxg6 Kg7 44. Kf3
Kxg6 45. Kg3 Ra8 46. Kf2 Ra2+ 47. Ke3 Re2+ 48. Kf4 Re4+ 49. Kg3 Rg4+ 50. Kf2
h5 51. Ke3 h4 52. Kd3 h3 53. Kc3 h2 54. Kb3 h1=Q 55. Ka2 Qh3 56. Ka1 Rg1+
57. Ka2 Rg2+ 58. Ka1 Qh1# {White checkmated} 0-1

[Event "ICC tourney 2666 (40 10)"]
[Site "Internet Chess Club"]
[Date "2021.09.11"]
[Round "3"]
[White "SHIJU, SHAUN:chessmaster721"]
[Black "LAYTON KOGAN, YELISEY:K05-17266128"]
[Result "0-1"]
[ICCResult "White checkmated"]
[WhiteElo "1119"]
[BlackElo "806"]
[Opening "Giuoco Piano"]
[ECO "C50"]
[NIC "IG.02"]
[Time "15:31:05"]
[TimeControl "2400+10"]

1. e4 e5 2. Nf3 Nc6 3. Bc4 Bc5 4. O-O Nf6 5. Nc3 d6 6. Ng5 O-O 7. Be2 h6 8.
Nf3 Bg4 9. d3 Nd4 10. Nxd4 exd4 11. Bxg4 Nxg4 12. Qxg4 dxc3 13. Bxh6 Qf6 14.
Be3 cxb2 15. Rab1 Bb4 16. d4 Bc3 17. Rfd1 Rae8 18. Rd3 c5 19. Rxc3 cxd4 20.
Bxd4 Qxd4 21. Rh3 Re6 22. c3 Qd2 23. Qd1 Qxd1+ 24. Rxd1 Rxe4 25. Re3 Ra4 26.
Ree1 Rxa2 27. Rxd6 Ra1 28. Rdd1 Ra2 29. Rb1 Rc8 30. g3 Rxc3 31. Kg2 Rca3 32.
Re7 Rb3 33. Re2 a5 34. h4 a4 35. g4 a3 36. Ree1 b5 37. h5 b4 38. g5 Rc3 39.
g6 fxg6 40. hxg6 Kf8 41. Rbd1 Rc8 42. Kg3 b3 43. f4 Ra1 44. Rh1 Rxd1 45.
Rh8+ Ke7 46. Rxc8 b1=Q 47. Rg8 Qd3+ 48. Kg4 Qxg6+ 49. Kf3 Rf1+ 50. Ke3 Qg3+
51. Ke4 Rxf4+ 52. Ke5 Qg5# {White checkmated} 0-1

[Event "ICC tourney 2666 (40 10)"]
[Site "Internet Chess Club"]
[Date "2021.09.11"]
[Round "3"]
[White "REMPE, LENNIK:Kokosnuss1000"]
[Black "ZHOU, ALEXANDER ZHENG:Lailaiking"]
[Result "0-1"]
[ICCResult "White checkmated"]
[WhiteElo "1400"]
[BlackElo "905"]
[Opening "Ruy Lopez: old Steinitz defense, Nimzovich attack"]
[ECO "C48"]
[NIC "KP.03"]
[Time "15:31:12"]
[TimeControl "2400+10"]

1. e4 e5 2. Nf3 Nc6 3. Nc3 Nf6 4. Bb5 d6 5. d4 Bd7 6. Bxc6 Bxc6 7. d5 Bd7 8.
O-O Bg4 9. Qd3 Be7 10. Ng5 h6 11. Nf3 Nd7 12. h3 Bh5 13. Nh2 Nc5 14. Qb5+
Qd7 15. Qxd7+ Nxd7 16. g4 Bg6 17. h4 Bxh4 18. f4 exf4 19. Bxf4 O-O 20. Nb5
Rfc8 21. Nf3 Bf6 22. g5 hxg5 23. Bxg5 Bxg5 24. Nxg5 a6 25. Nd4 Nc5 26. Rae1
Re8 27. Rf4 Re5 28. Rg4 Rae8 29. Ndf3 R5e7 30. Nd2 f5 31. Rg3 fxe4 32. Rge3
a5 33. Ngf3 Kf8 34. Ng5 Re5 35. Rg3 Rxd5 36. Ndxe4 Nxe4 37. Nxe4 Rxe4 38.
Rf1+ Bf5 39. Rgf3 Ree5 40. c4 Rc5 41. a3 g6 42. b4 axb4 43. axb4 Rxc4 44.
Rg3 Kg7 45. b5 Rxb5 46. Kh2 Rh4+ 47. Kg1 Rg4 48. Rxg4 Bxg4 49. Kg2 Rf5 50.
Kg3 Rxf1 51. Kh4 b5 52. Kg5 b4 53. Kh4 b3 54. Kg3 b2 55. Kh4 b1=Q 56. Kxg4
Qb4+ 57. Kh3 Rf3+ 58. Kg2 Qg4+ 59. Kh2 Rh3# {White checkmated} 0-1

[Event "ICC tourney 2666 (40 10)"]
[Site "Internet Chess Club"]
[Date "2021.09.11"]
[Round "3"]
[White "MADSEN, STUART:gmstuartscott"]
[Black "SCHWARTZ, DOUGLAS S:Douglas1"]
[Result "0-1"]
[ICCResult "White resigns"]
[WhiteElo "766"]
[BlackElo "1315"]
[Opening "QGD Slav: 5.e3 (Alekhine variation)"]
[ECO "D15"]
[NIC "SL.03"]
[Time "15:30:31"]
[TimeControl "2400+10"]

1. d4 d5 2. c4 c6 3. Nf3 Nf6 4. Nc3 dxc4 5. e3 b5 6. a4 b4 7. Nb1 c5 8. Bxc4
cxd4 9. Bxf7+ Kxf7 10. Qb3+ Qd5 11. Qxd5+ Nxd5 12. Ng5+ Ke8 13. exd4 Nc6 14.
Nf3 Ba6 15. Nbd2 Nf6 16. b3 e6 17. Nc4 Bxc4 18. bxc4 Be7 19. O-O Na5 20. Rb1
Nxc4 21. Re1 Kd7 22. Ne5+ Nxe5 23. dxe5 Nd5 24. f4 Rhf8 25. g3 a5 26. Bb2
Rab8 27. Red1 Rfc8 28. f5 Rc2 29. fxe6+ Kxe6 30. Re1 Bc5+ 31. Kh1 Rf8 32.
Rbc1 Rff2 33. Rxc2 Rxc2 34. Bc1 Nc3 35. Be3 Bxe3 36. Rxe3 b3 37. Re1 b2
{White resigns}
0-1

[Event "ICC tourney 2666 (40 10)"]
[Site "Internet Chess Club"]
[Date "2021.09.11"]
[Round "3"]
[White "NITIN PATIL, AARADHYA:K03-17349055"]
[Black "SINGH, JIYAN:mithu542"]
[Result "1-0"]
[ICCResult "Black checkmated"]
[WhiteElo "1047"]
[BlackElo "525"]
[Opening "two knights defense: Kieseritsky variation"]
[ECO "C58"]
[NIC "KP.01"]
[Time "15:30:36"]
[TimeControl "2400+10"]

1. e4 e5 2. Nf3 Nc6 3. Bc4 Nf6 4. Ng5 d5 5. exd5 Na5 6. d3 Nxc4 7. dxc4 Bf5
8. Nc3 Bc5 9. O-O O-O 10. Be3 Bxe3 11. fxe3 Bg4 12. Qd2 c6 13. e4 Qb6+ 14.
Kh1 Qxb2 15. Rab1 Qa3 16. Rxb7 h6 17. Nf3 Qa6 18. Rb4 Rfb8 19. Ra4 Qc8 20.
Nxe5 Qc7 21. Nxg4 Nxg4 22. d6 Qb6 23. Qf4 Ne3 24. Qxf7+ Kh7 25. Rg1 Rb7 26.
Qh5 Qb2 27. Ne2 Qxc2 28. Ra3 Nxc4 29. Rc3 Qxa2 30. Qf5+ g6 31. Qf1 Nxd6 32.
Rxc6 Nxe4 33. Qf3 Ng5 34. Qd3 Rg8 35. h4 Nf7 36. Nf4 Ne5 37. Qd6 Nxc6 38.
Qxc6 Rb6 39. Qe4 Rb1 40. Rxb1 Qf2 41. Rb7+ Rg7 42. Qxg6+ Kg8 43. Qxg7#
{Black checkmated}
1-0

[Event "ICC tourney 2666 (40 10)"]
[Site "Internet Chess Club"]
[Date "2021.09.11"]
[Round "3"]
[White "XU, JOEY:JoeyXu"]
[Black "Vesval, Thomas:Goofymammoth"]
[Result "1-0"]
[ICCResult "Black resigns"]
[WhiteElo "1300"]
[BlackElo "1186"]
[Opening "Sicilian defense"]
[ECO "B20"]
[NIC "SI.48"]
[Time "15:30:33"]
[TimeControl "2400+10"]

1. e4 c5 2. a3 Nc6 3. b4 e6 4. bxc5 Bxc5 5. c3 Nf6 6. d4 Bb6 7. Bd3 d5 8. e5
Nd7 9. Qg4 g6 10. Bg5 Ndxe5 11. dxe5 Nxe5 12. Bb5+ Bd7 13. Bxd7+ Qxd7 14.
Qg3 Qc7 15. Bf6 Bxf2+ 16. Kxf2 Qc5+ 17. Kf1 Qc4+ 18. Ne2 Nd3 19. Nd2 Qa6 20.
Kg1 Rg8 21. h4 Qb6+ 22. Bd4 Nc5 23. Kh2 Qc6 24. Rhf1 f5 25. Rab1 O-O-O 26.
Nb3 Nxb3 27. Rxb3 Qc4 28. Rb2 g5 29. h5 g4 30. Rfb1 Rd7 31. Nf4 Qc6 32. Qe3
Re7 33. Be5 b6 34. Ne2 Kd7 35. Nd4 Qc5 36. Qd2 Rc8 37. Nb5 Kd8 38. Bf6 a6
39. Bxe7+ Qxe7 40. Nd4 Qh4+ 41. Kg1 g3 42. Qg5+ Qxg5 43. Nxe6+ Ke7 44. Nxg5
{Black resigns}
1-0

[Event "ICC tourney 2666 (40 10)"]
[Site "Internet Chess Club"]
[Date "2021.09.11"]
[Round "3"]
[White "BAREKET, NIMROD:nb12"]
[Black "Asbury, Aaron J:AaronAsbury"]
[Result "0-1"]
[ICCResult "White resigns"]
[WhiteElo "1250"]
[BlackElo "1430"]
[Opening "Sicilian: Najdorf, Lipnitzky attack"]
[ECO "B86"]
[NIC "SI.13"]
[Time "15:30:33"]
[TimeControl "2400+10"]

1. e4 c5 2. Nf3 d6 3. d4 cxd4 4. Nxd4 Nf6 5. Nc3 a6 6. Bc4 e6 7. O-O Be7 8.
Bg5 h6 9. Bh4 Qb6 10. Bb3 Nxe4 11. Bxe7 Nxc3 12. bxc3 Kxe7 13. Qd3 Nc6 14.
Rfe1 Nxd4 15. cxd4 Qb5 16. c4 Qg5 17. d5 e5 18. Re3 Bf5 19. Qc3 Rac8 20. Rg3
Qf6 21. Re1 Rhe8 22. f4 Kf8 23. fxe5 Rxe5 24. Rf1 Qe7 25. Rxf5 Rxf5 26.
Qxg7+ Ke8 27. Qc3 Rc5 28. Qb4 Rg5 29. Rxg5 hxg5 30. Ba4+ b5 31. cxb5 Qe3+
32. Kf1 Rc1+ {White resigns} 0-1

[Event "ICC tourney 2666 (40 10)"]
[Site "Internet Chess Club"]
[Date "2021.09.11"]
[Round "3"]
[White "Zhan, Jayden Zihan:Viperchess001"]
[Black "ANGEL, BORYS:BArkadia"]
[Result "0-1"]
[ICCResult "White checkmated"]
[WhiteElo "1043"]
[BlackElo "1295"]
[Opening "Ruy Lopez: 5.O-O"]
[ECO "C78"]
[NIC "RL.12"]
[Time "15:30:39"]
[TimeControl "2400+10"]

1. e4 e5 2. Nf3 Nc6 3. Bb5 a6 4. Ba4 Nf6 5. O-O b5 6. Bb3 Bc5 7. d3 h6 8. a3
d6 9. h3 O-O 10. Re1 Bb7 11. Be3 Nd4 12. Nxd4 exd4 13. Bf4 Re8 14. Nd2 Qd7
15. Nf1 Rac8 16. Ng3 Bb6 17. a4 c5 18. e5 Qc6 19. f3 dxe5 20. axb5 axb5 21.
Bxe5 Nd7 22. Bf4 g5 23. Bd2 c4 24. dxc4 bxc4 25. Ba4 Qc7 26. Nf5 Rxe1+ 27.
Qxe1 d3+ 28. Be3 Re8 29. Nxh6+ Kh7 30. Ng4 Bxe3+ 31. Nxe3 Qf4 32. Kf2 Qh4+
33. g3 Qd4 34. c3 Qb6 35. Bxd7 Qxb2+ 36. Kf1 Rxe3 37. Qxe3 Qxa1+ 38. Kf2
Qxc3 39. Bf5+ Kh8 40. Qxg5 Qc2+ 41. Ke3 Qc1+ 42. Kd4 Qxg5 43. Bg4 Qd5+ 44.
Kc3 d2 45. Kc2 d1=Q+ 46. Kc3 Q5d3+ 47. Kb2 Q1c2+ 48. Ka1 Qdd1#
{White checkmated}
0-1

[Event "ICC tourney 2666 (40 10)"]
[Site "Internet Chess Club"]
[Date "2021.09.11"]
[Round "3"]
[White "AI, RUOMING:charmingraven"]
[Black "KINKUS, SAM E:Grandslam34"]
[Result "1-0"]
[ICCResult "Black checkmated"]
[WhiteElo "1034"]
[BlackElo "884"]
[Opening "Scandinavian (center counter) defense"]
[ECO "B01"]
[NIC "VO.17"]
[Time "15:30:57"]
[TimeControl "2400+10"]

1. e4 d5 2. Nc3 d4 3. Nce2 e5 4. d3 Bg4 5. Bd2 Nf6 6. f3 Bh5 7. Ng3 Bg6 8.
N1e2 Nc6 9. Bg5 Be7 10. Nc1 Bb4+ 11. Ke2 Qd6 12. Nb3 O-O-O 13. a3 Bc5 14.
Nxc5 Qxc5 15. b4 Qb5 16. Kf2 Qb6 17. Be2 h6 18. Bxf6 gxf6 19. c3 dxc3+ 20.
Ke1 Qd4 21. Rc1 a6 22. Qb3 b5 23. Rxc3 Rd6 24. Kf1 Qe3 25. a4 Nd4 26. Qb2
Nxe2 27. Nxe2 Rxd3 28. Rc1 Rd2 29. Qxd2 Qxd2 30. Kf2 Rd8 31. axb5 axb5 32.
Rb1 Rd4 33. h3 Rxb4 34. Rhd1 Qa2 35. Rxb4 Qa5 36. Rdb1 c6 37. Kg1 Qb6+ 38.
Kh2 Qc5 39. R4b3 Kc7 40. Rc1 Qb6 41. Nc3 Kb7 42. Rcb1 Kc7 43. Rc1 Kd7 44.
Rd1+ Ke6 45. Ne2 f5 46. Rbd3 fxe4 47. Rd6+ Kf5 48. Ng3+ Kf4 49. Rf6+ Ke3 50.
Re1+ Kf2 51. Re2# {Black checkmated} 1-0

[Event "ICC tourney 2666 (40 10)"]
[Site "Internet Chess Club"]
[Date "2021.09.11"]
[Round "3"]
[White "WELSKI, SEAN:filmdirector"]
[Black "Kale, Shubham:shubham07"]
[Result "0-1"]
[ICCResult "White resigns"]
[WhiteElo "1317"]
[BlackElo "1196"]
[Opening "Robatsch (modern) defense"]
[ECO "B06"]
[NIC "KF.06"]
[Time "15:31:25"]
[TimeControl "2400+10"]

1. e4 g6 2. Nc3 Bg7 3. d3 d6 4. Be3 Nd7 5. Qd2 a6 6. g3 c5 7. Bg2 Rb8 8.
Nge2 b5 9. O-O b4 10. Nd1 a5 11. h3 Ba6 12. Kh2 Nb6 13. Re1 c4 14. Bxb6 Qxb6
15. dxc4 Bxc4 16. Ne3 Bxe2 17. Qxe2 Bxb2 18. Rab1 Bc3 19. Nd5 Qc5 20. Red1
Rc8 21. f4 Bg7 22. Rd2 e6 23. Ne3 Ne7 24. Rbd1 Rd8 25. Ng4 O-O 26. Qa6 Nc8
27. e5 d5 28. Qe2 Nb6 29. Nf6+ Bxf6 30. exf6 Qc3 31. Rd4 Rc8 32. Qg4 Nd7 33.
Qg5 Qxc2 34. R1d2 Qf5 35. Qh6 Qxf6 36. g4 Qg7 37. Qh4 Nb6 38. f5 g5 39. Qf2
Nc4 40. Rd1 Qe5+ 41. Kh1 Ne3 42. R1d2 Rc1+ 43. Bf1 Rxf1+ 44. Qxf1 Nxf1 45.
fxe6 Nxd2 46. exf7+ Rxf7 47. Rxd2 Qe1+ {White resigns} 0-1

[Event "ICC tourney 2666 (40 10)"]
[Site "Internet Chess Club"]
[Date "2021.09.11"]
[Round "4"]
[White "KINKUS, SAM E:Grandslam34"]
[Black "CHOPRA, ADITTYA:AdittyaC"]
[Result "0-1"]
[ICCResult "White resigns"]
[WhiteElo "884"]
[BlackElo "1080"]
[Opening "KP: Patzer opening"]
[ECO "C20"]
[NIC "KP.10"]
[Time "17:45:45"]
[TimeControl "2400+10"]

1. e4 e5 2. Qh5 Nf6 3. Qxe5+ Be7 4. Qf4 Bd6 5. e5 Qe7 6. Ne2 Bxe5 7. Qf3 Nc6
8. a3 b6 9. Nbc3 Bb7 10. d4 Bxd4 {White resigns} 0-1

[Event "ICC tourney 2666 (40 10)"]
[Site "Internet Chess Club"]
[Date "2021.09.11"]
[Round "4"]
[White "LABELLE, MATTHEW NICHOLAS:LaBelleM"]
[Black "Wang, Mengxuan:TheCoolGuy1117"]
[Result "0-1"]
[ICCResult "White checkmated"]
[WhiteElo "1126"]
[BlackElo "808"]
[Opening "French: Steinitz variation"]
[ECO "C11"]
[NIC "FR.04"]
[Time "17:45:44"]
[TimeControl "2400+10"]

1. e4 e6 2. d4 d5 3. Nc3 Nf6 4. e5 Nfd7 5. Nf3 c5 6. Be2 Nc6 7. dxc5 Ndxe5
8. Nxe5 Nxe5 9. O-O Bxc5 10. Bf4 Ng6 11. Bg3 O-O 12. Bd3 Bd7 13. Ne2 Bc6 14.
Nf4 Qf6 15. Nxg6 fxg6 16. a3 e5 17. c3 e4 18. Bc2 Bb5 19. Qxd5+ Kh8 20. Qxc5
Bxf1 21. Rxf1 Rae8 22. Qxa7 e3 23. Re1 exf2+ 24. Bxf2 Rxe1+ 25. Bxe1 Qf1#
{White checkmated}
0-1

[Event "ICC tourney 2666 (40 10)"]
[Site "Internet Chess Club"]
[Date "2021.09.11"]
[Round "4"]
[White "Asbury, Aaron J:AaronAsbury"]
[Black "CAO, DANIEL:danielcao"]
[Result "1-0"]
[ICCResult "Black checkmated"]
[WhiteElo "1430"]
[BlackElo "1276"]
[Opening "Queen's pawn: London system"]
[ECO "A45"]
[NIC "QP.07"]
[Time "17:45:43"]
[TimeControl "2400+10"]

1. d4 Nf6 2. Bf4 g6 3. Nc3 d5 4. e3 Bg7 5. h4 b6 6. Nf3 O-O 7. Nb5 Na6 8.
Ne5 Bb7 9. h5 Nxh5 10. Rxh5 gxh5 11. Qxh5 Nb4 12. O-O-O Nxa2+ 13. Kb1 Nb4
14. c3 Nc6 15. Bd3 Re8 16. Qxf7+ Kh8 17. Ng6+ hxg6 18. Rh1+ Bh6 19. Rxh6#
{Black checkmated}
1-0

[Event "ICC tourney 2666 (40 10)"]
[Site "Internet Chess Club"]
[Date "2021.09.11"]
[Round "4"]
[White "Vesval, Thomas:Goofymammoth"]
[Black "procopio, Patti:prostripe"]
[Result "1-0"]
[ICCResult "Black checkmated"]
[WhiteElo "1186"]
[BlackElo "1043"]
[Opening "King's pawn opening"]
[ECO "B07"]
[NIC "VO.17"]
[Time "17:45:45"]
[TimeControl "2400+10"]

1. e4 d6 2. d4 c6 3. Nf3 Nf6 4. Nc3 Bg4 5. Be2 Nbd7 6. O-O e6 7. Bg5 Be7 8.
e5 Bxf3 9. exf6 Bxf6 10. Bxf6 Qxf6 11. Bxf3 O-O 12. Qe2 d5 13. Rad1 Qh6 14.
Bg4 Nf6 15. Bh3 b5 16. Rd3 b4 17. Na4 Ne4 18. Nc5 Ng5 19. Rg3 a5 20. Qe5
Nxh3+ 21. Rxh3 Qd2 22. Rg3 g6 23. Nd7 Rfd8 24. Nf6+ Kf8 25. Nxh7+ Ke8 26.
Rf3 Qxc2 27. Qf6 Rd7 28. Qh8+ Ke7 29. Qxa8 Qxb2 30. Qf8# {Black checkmated}
1-0

[Event "ICC tourney 2666 (40 10)"]
[Site "Internet Chess Club"]
[Date "2021.09.11"]
[Round "4"]
[White "WAREKAR, AARNA:aarnawarekar"]
[Black "JEEJU, ANIRUDH SAI:anirudhsai"]
[Result "1-0"]
[ICCResult "Black resigns"]
[WhiteElo "842"]
[BlackElo "637"]
[Opening "Queen's pawn, Mason variation"]
[ECO "D00"]
[NIC "QP.08"]
[Time "17:45:55"]
[TimeControl "2400+10"]

1. d4 d5 2. Bf4 e6 3. Nf3 c6 4. e3 Bd6 5. Bg3 Nf6 6. c3 O-O 7. Nbd2 Ne4 8.
Be2 Nxg3 9. hxg3 f5 10. Qc2 Qc7 11. O-O-O a5 12. g4 fxg4 13. Qxh7+ Kf7 14.
Ng5+ Ke8 15. Bxg4 Qe7 16. Bh5+ Kd8 17. Ngf3 e5 18. dxe5 Bxe5 19. Nxe5 Qxe5
20. Bg6 Nd7 21. f4 Qe6 22. Qh4+ Nf6 23. f5 Qe7 24. e4 Kc7 25. exd5 Bd7 26.
Nf3 Rh8 27. d6+ Qxd6 28. Rxd6 Rxh4 29. Rxh4 Kxd6 30. Rd4+ Kc7 31. Ne5 c5 32.
Rd1 a4 33. Nxd7 Nxd7 34. Kc2 Ne5 35. Bh5 a3 36. b3 c4 37. Re1 Nd3 38. Re7+
Kc6 39. Bf3+ Kb6 40. Rxb7+ Ka5 41. Rxg7 cxb3+ 42. Kxb3 Rb8+ 43. Kxa3 Ne5 44.
Ra7+ Kb6 45. Ra4 Kc7 46. Rb4 Ra8+ 47. Bxa8 {Black resigns} 1-0

[Event "ICC tourney 2666 (40 10)"]
[Site "Internet Chess Club"]
[Date "2021.09.11"]
[Round "4"]
[White "MAHN, TYLER:TylerMahn"]
[Black "AI, RUOMING:charmingraven"]
[Result "1-0"]
[ICCResult "Black checkmated"]
[WhiteElo "1338"]
[BlackElo "1034"]
[Opening "Giuoco Piano"]
[ECO "C54"]
[NIC "IG.02"]
[Time "17:45:59"]
[TimeControl "2400+10"]

1. e4 e5 2. Nf3 Nc6 3. Bc4 Bc5 4. c3 Nf6 5. d4 exd4 6. cxd4 Bb4+ 7. Bd2 Nxe4
8. Bxb4 Nxb4 9. Qb3 Qe7 10. O-O O-O 11. Re1 Nc6 12. Bd5 Re8 13. Rxe4 Qd8 14.
Bxf7+ Kh8 15. Rxe8+ Qxe8 16. Bxe8 Ne7 17. Qf7 Ng8 18. Ng5 d6 19. Qxc7 h6 20.
Nf7+ Kh7 21. Qc2+ g6 22. Nxd6 Be6 23. Qxg6+ Kh8 24. Qxe6 Kh7 25. Qg6+ Kh8
26. Nf7# {Black checkmated} 1-0

[Event "ICC tourney 2666 (40 10)"]
[Site "Internet Chess Club"]
[Date "2021.09.11"]
[Round "4"]
[White "KOGAN, NIKITA:K09-17190210"]
[Black "Wei, Robert Fanjun:CaptureFunny"]
[Result "1-0"]
[ICCResult "Black checkmated"]
[WhiteElo "1173"]
[BlackElo "854"]
[Opening "Sicilian: Alapin's variation (2.c3)"]
[ECO "B22"]
[NIC "SI.47"]
[Time "17:45:53"]
[TimeControl "2400+10"]

1. e4 c5 2. c3 Nf6 3. e5 Nd5 4. d4 cxd4 5. Bc4 e6 6. Bxd5 exd5 7. cxd4 d6 8.
Nf3 dxe5 9. dxe5 Bb4+ 10. Bd2 Bxd2+ 11. Qxd2 O-O 12. O-O Nc6 13. Nc3 Be6 14.
Rfe1 Bg4 15. Qxd5 Qxd5 16. Nxd5 Rad8 17. Nf4 Rfe8 18. Rad1 Rxd1 19. Rxd1
Bxf3 20. gxf3 Nxe5 21. Kg2 g5 22. Nh5 Kf8 23. Ng3 Kg7 24. Nf5+ Kf6 25. Ng3
Kg6 26. Rc1 b6 27. Rc7 a5 28. Rb7 Re6 29. Ne4 g4 30. fxg4 Nxg4 31. Nc3 Rf6
32. f3 Ne3+ 33. Kg3 Nc4 34. Ne4 Re6 35. b3 Ne3 36. h4 Nf5+ 37. Kg4 h5+ 38.
Kf4 Nxh4 39. Rb8 Kh7 40. Ng5+ Kg7 41. Nxe6+ fxe6 42. Rxb6 Ng6+ 43. Kg5 Nf8
44. Kxh5 Kf7 45. f4 Nd7 46. Rb7 Ke8 47. Kg6 Nf8+ 48. Kf6 Nd7+ 49. Kg7 Nc5
50. Ra7 Nd3 51. Rxa5 Nxf4 52. Kf6 Nd5+ 53. Kxe6 Nf4+ 54. Kd6 Nd3 55. Ra8+
Kf7 56. a4 Nc1 57. b4 Nd3 58. b5 Nb2 59. a5 Nc4+ 60. Kc6 Ne5+ 61. Kc7 Ng4
62. b6 Ne3 63. b7 Nd5+ 64. Kd6 Ne7 65. b8=Q Kg7 66. Qf8+ Kh7 67. Qxe7+ Kh6
68. Rg8 Kh5 69. Qg7 Kh4 70. a6 Kh3 71. a7 Kh2 72. a8=Q Kh3 73. Qag2+ Kh4 74.
Q2g6 Kh3 75. Qg5 Kh2 76. Q7g6 Kh1 77. Rg7 Kh2 78. Ke7 Kh3 79. Kf8 Kh2 80.
Kg8 Kh1 81. Qg4 Kh2 82. Q6g5 Kh1 83. Rg6 Kh2 84. Kg7 Kh1 85. Kh7 Kh2 86.
Q5h5# {Black checkmated} 1-0

[Event "ICC tourney 2666 (40 10)"]
[Site "Internet Chess Club"]
[Date "2021.09.11"]
[Round "4"]
[White "Goteti, Ishan:Aurex"]
[Black "BUELTMANN-PROK, LENNY:lbueltmannprok"]
[Result "1-0"]
[ICCResult "Black checkmated"]
[WhiteElo "834"]
[BlackElo "630"]
[Opening "Sicilian defense"]
[ECO "B30"]
[NIC "SI.31"]
[Time "17:57:45"]
[TimeControl "2400+10"]

1. e4 c5 2. Nf3 Nc6 3. Nc3 Nf6 4. d3 e5 5. Bg5 Be7 6. Be3 d6 7. Be2 Be6 8.
O-O Qd7 9. Ng5 O-O 10. Nxe6 fxe6 11. Bg5 Nd4 12. h3 d5 13. exd5 Nxd5 14.
Bxe7 Qxe7 15. Nxd5 exd5 16. Bg4 Rf6 17. c3 Nb5 18. Qb3 a6 19. Qxd5+ Kh8 20.
a4 Rd8 21. Qc4 Nd6 22. Qxc5 Nf5 23. Qxe7 Nxe7 24. Rad1 Nd5 25. Bf3 b6 26.
Rd2 Nf4 27. Rfd1 Nxh3+ 28. gxh3 Rxf3 29. Kg2 Rf4 30. d4 exd4 31. cxd4 Kg8
32. d5 Kf7 33. d6 Ke6 34. d7 Rf7 35. Re1+ Kf6 36. Rd6+ Kg5 37. Red1 Rf6 38.
Rxf6 gxf6 39. Kg3 h5 40. h4+ Kf5 41. Rd5+ Ke6 42. Rxh5 Rxd7 43. b4 Rg7+ 44.
Kh3 Rg6 45. b5 a5 46. f4 f5 47. Rg5 Rf6 48. h5 Kf7 49. Kh4 Rh6 50. Rxf5+ Kg7
51. Rg5+ Kf7 52. f5 Kf6 53. Rg6+ Rxg6 54. hxg6 Kg7 55. Kg5 Kg8 56. f6 Kf8
57. Kh6 Kg8 58. g7 Kf7 59. Kh7 Kxf6 60. g8=Q Ke5 61. Qg6 Kd4 62. Qxb6+ Kc4
63. Qxa5 Kc5 64. b6+ Kc6 65. Qa8+ Kc5 66. b7 Kb4 67. b8=Q+ Ka3 68. Qd6+ Ka2
69. Qad5+ Ka1 70. Qd2 Kb1 71. Q6b4+ Ka1 72. Qbb2# {Black checkmated} 1-0

[Event "ICC tourney 2666 (40 10)"]
[Site "Internet Chess Club"]
[Date "2021.09.11"]
[Round "4"]
[White "ANGEL, BORYS:BArkadia"]
[Black "Kale, Shubham:shubham07"]
[Result "1-0"]
[ICCResult "Black resigns"]
[WhiteElo "1295"]
[BlackElo "1196"]
[Opening "Modern defense: Averbakh system"]
[ECO "B06"]
[NIC "KF.02"]
[Time "17:45:48"]
[TimeControl "2400+10"]

1. e4 g6 2. d4 Bg7 3. c4 d6 4. Nc3 Nd7 5. Nf3 c5 6. Be3 cxd4 7. Bxd4 Ngf6 8.
e5 Nxe5 9. Nxe5 dxe5 10. Bxe5 O-O 11. Be2 a6 12. O-O Qa5 13. Qd4 Rd8 14. Qf4
Nh5 15. Bc7 Nxf4 16. Bxa5 Nxe2+ 17. Nxe2 Rd6 18. Rad1 Be6 19. Rxd6 exd6 20.
b3 d5 21. cxd5 Bxd5 22. Bc3 Rc8 23. Bxg7 Kxg7 24. Rc1 Rxc1+ 25. Nxc1 Be4 26.
f3 Bb1 27. Kf2 Kf6 28. g4 h5 29. h4 hxg4 30. fxg4 g5 31. h5 Ke5 32. Kf3 f5
33. h6 Be4+ 34. Kg3 f4+ 35. Kf2 Kf6 36. a4 Kg6 37. b4 Kxh6 38. b5 a5 39. Nb3
Bc2 40. Nxa5 Bxa4 41. b6 Kg6 42. Nxb7 Kf6 43. Nc5 Bc6 44. b7 Bxb7 45. Nxb7
Ke5 46. Kf3 Kd5 47. Nd8 Ke5 48. Nf7+ Kf6 49. Nd6 Ke6 50. Ne4 Kf7 51. Nxg5+
Kg6 52. Kxf4 Kg7 53. Kf5 Kf8 54. Kg6 Kg8 55. Kh6 Kh8 56. Ne6 Kg8 57. g5 Kf7
58. Kh7 {Black resigns} 1-0

[Event "ICC tourney 2666 (40 10)"]
[Site "Internet Chess Club"]
[Date "2021.09.11"]
[Round "4"]
[White "SCHWARTZ, DOUGLAS S:Douglas1"]
[Black "NITIN PATIL, AARADHYA:K03-17349055"]
[Result "1-0"]
[ICCResult "Black checkmated"]
[WhiteElo "1315"]
[BlackElo "1047"]
[Opening "Giuoco Piano"]
[ECO "C50"]
[NIC "IG.02"]
[Time "17:46:06"]
[TimeControl "2400+10"]

1. e4 e5 2. Nf3 Nc6 3. Bc4 Bc5 4. O-O Nf6 5. Nc3 O-O 6. d3 h6 7. h3 d6 8.
Be3 Bb6 9. Qd2 Be6 10. Bb3 Qe7 11. Rfe1 Rfe8 12. d4 Bxb3 13. axb3 exd4 14.
Bxd4 Nxd4 15. Nxd4 Bxd4 16. Qxd4 Qe5 17. Qxe5 Rxe5 18. f4 Re7 19. e5 dxe5
20. Rxe5 Kf8 21. Rxe7 Kxe7 22. Re1+ Kd7 23. Rd1+ Ke7 24. Nb5 a6 25. Nd4 g6
26. Re1+ Kd6 27. Rd1 Ke7 28. Re1+ Kd6 29. Nf3 Nd7 30. f5 g5 31. g4 a5 32.
Nd2 b5 33. c4 b4 34. Rd1 Ne5 35. Nf3+ Ke7 36. Nxe5 a4 37. bxa4 Rxa4 38. b3
Ra3 39. Rd3 Ra1+ 40. Kg2 c5 41. Rd5 Rb1 42. Rxc5 Rxb3 43. Rb5 Rb2+ 44. Kf3
b3 45. c5 Rb1 46. Rb7+ Kd8 47. Nxf7+ Kc8 48. Nd6+ Kd8 49. c6 Rc1 50. Rd7#
{Black checkmated}
1-0